 Dungeon Crawl Stone Soup version 0.26.1-11-gd32895ea62 (webtiles) character file.

Game seed: 5096464843740537922

55 Tirrikindir the Firebug (level 3, 0/26 (28) HPs)
             Began as a Hill Orc Fire Elementalist on June 2, 2021.
             Slain by a gnoll
             ... wielding a +2 whip of draining
              (2 damage)
             ... on level 2 of the Dungeon.
             The game lasted 00:05:30 (1336 turns).

Tirrikindir the Firebug (HOFE)                      Turns: 1336, Time: 00:05:32

HP:   0/26 (28)     AC:  3    Str:  9 (10) XL:     3   Next: 93%
MP:   1/5           EV: 12    Int: 14 (15) God:
Gold: 67            SH:  0    Dex: 10 (12) Spells: 1/5 levels left

rFire    . . .     SeeInvis .   h - +0 club
rCold    . . .     Faith    .   (no shield)
rNeg     . . .     Spirit   .   a - +0 robe
rPois    .         Reflect  .   k - +0 helmet
rElec    .         Harm     .   (no cloak)
rCorr    .         Rampage  .   (no gloves)
Will     .....                  (no boots)
Stlth    ++........             (no amulet)
HPRegen  0.08/turn              (no ring)
MPRegen  0.09/turn              (no ring)

@: drained
A: no striking features
a: no special abilities


You were on level 2 of the Dungeon.
You visited 1 branch of the dungeon, and saw 2 of its levels.

You collected 67 gold pieces.

Inventory:

Hand Weapons
 h - a +0 club (weapon)
Armour
 a - a +0 robe (worn)
 k - a +0 helmet (worn)
Potions
 b - 2 potions of cancellation
 c - a potion of lignification
 g - 2 potions of invisibility
 i - a potion of haste
 j - a potion of attraction {unknown}
 l - a potion of heal wounds {unknown}


   Skills:
 + Level 1.5 Fighting
 + Level 1.9 Dodging
 + Level 2.0 Stealth
 + Level 1.9 Spellcasting
 + Level 1.6 Conjurations
 * Level 3.7 Fire Magic


You had one spell level left.
You knew the following spells:

 Your Spells              Type           Power        Failure   Level
a - Foxfire               Conj/Fire      32%          8%          1
b - Conjure Flame         Conj/Fire      8%           24%         3

Your spell library contained the following spells:

 Spells                   Type           Power        Failure   Level
 Inner Flame              Hex/Fire       6%           32%         3
 Sticky Flame             Conj/Fire      8%           61%         4
 Fireball                 Conj/Fire      4%           91%         5


Dungeon Overview and Level Annotations

Branches:
Dungeon (2/15)

Altars:
Qazlal


Message History

The foxfire hits the frilled lizard.
You kill the frilled lizard!
The foxfire hits the gnoll.
The gnoll is heavily wounded.
Your magical contamination has completely faded away.
There is a stone staircase leading down here.
Casting: Foxfire (safe; 8% risk of failure)
Press: ? - help, Q - select action Dir - look around, f - activate You conjure some foxfire!
The foxfire hits the gnoll.
The gnoll is severely wounded.
The foxfire hits the gnoll.
The gnoll is moderately wounded.
Casting: Foxfire (safe; 8% risk of failure)
Press: ? - help, Q - select action Dir - look around, f - activate You conjure some foxfire!
The gnoll hits you with a +2 whip of draining!
* * * LOW HITPOINT WARNING * * *
You feel drained.
You die...

####. # ..$. .# ..## #.# #.##
#.# #..###.# #.#...######
####.#.##.###...#
.<.........g†gv#.############
.###..####§###@...........†.#
#.....>.§§§v...#########.#
#..####.####..........##<# ..
...# #######.......# .. #####
#.##.##.### ### #.##.##....
#.##.##.### #.##.##.#
#.##.##.#


You could see 2 gnolls.

Vanquished Creatures
  2 adders (D:2)
  A gnoll (D:2)
  A worm (D:2)
  A dart slug (D:1)
  4 hobgoblins
  3 bats (D:1)
  5 frilled lizards
  5 goblins
  7 rats (D:1)
29 creatures vanquished.

Vanquished Creatures (others)
  59 foxfires
59 creatures vanquished.

Grand Total: 88 creatures vanquished

Notes
Turn   | Place    | Note
-------+----------+-------------------------------------------
     0 | D:1      | Tirrikindir the Hill Orc Fire Elementalist began the quest
                  | for the Orb.
     0 | D:1      | Reached XP level 1. HP: 14/14 MP: 3/3
   269 | D:1      | Reached XP level 2. HP: 22/22 MP: 2/4
   734 | D:2      | Found a stormy altar of Qazlal.
   790 | D:2      | Reached skill level 1 in Fighting
   865 | D:2      | Reached XP level 3. HP: 28/28 MP: 3/5
  1191 | D:2      | Learned a level 3 spell: Conjure Flame
  1336 | D:2      | Slain by a gnoll

Illustrated notes

Levels and vault maps discovered:
D:1:      amcnicky_arrival_feature_with_door, layout_rooms, minmay_pentomino_s2
D:2:      layout_loops_ring, lemuel_altar_in_water2, uniq_jessica

Skill      XL: |  1  2  3 |
---------------+----------+-----
Fighting       | 1 |  1.5
Stealth        | 2 |  2.0
Dodging        | |  1.9
Spellcasting   | |  1.9
Conjurations   | |  1.6
Fire Magic     | |  3.7

Action                   || total
-------------------------++-------
Melee: Unarmed           ||     3
       Club              ||    46
 Cast: Foxfire           ||    36
  Use: Scroll            ||     6
       Potion            ||     4
 Stab: Sleeping          ||     1
Armor: Robe              ||    12
       Skin              ||    14
Dodge: Dodged            ||    30
